 Dungeon Crawl Stone Soup version 0.28.0-47-ge53b351184 (console) character file.

Game seed: 11336621286715582020

667 Faeu the Covered (level 7, -6/63 HPs)
             Began as a Minotaur Fighter on May 2, 2022.
             Mangled by an orc warrior
             ... wielding a +0 great sword
              (24 damage)
             ... on level 5 of the Dungeon.
             The game lasted 00:12:36 (2856 turns).

Faeu the Covered (Minotaur Fighter)                 Turns: 2856, Time: 00:12:37

Health: -6/63      AC: 11    Str: 22    XL:     7   Next: 31%
Magic:  6/6        EV:  7    Int:  5    God:
Gold:   99         SH:  5    Dex: 10    Spells: 6/6 levels left

rFire   . . .      SeeInvis .   l - +4 whip {mace}
rCold   . . .      Faith    .   c - +0 buckler
rNeg    . . .      Spirit   .   n - +0 chain mail
rPois   .          Reflect  .   (helmet restricted)
rElec   .          Harm     .   (no cloak)
rCorr   .          Rampage  .   (no gloves)
Will    .....                   p - +0 pair of boots
Stlth   ..........              (no amulet)
HPRegen 0.20/turn               (no ring)
MPRegen 0.10/turn               (no ring)

@: no status effects
A: horns 2, retaliatory headbutt
a: no special abilities


You were on level 5 of the Dungeon.
You visited 1 branch of the dungeon, and saw 5 of its levels.

You collected 99 gold pieces.


Innate Abilities, Weirdness & Mutations

You have a pair of horns on your head.
You reflexively headbutt those who attack you in melee.


   Skills:
 + Level 6.0 Fighting
 + Level 5.3 Axes
 + Level 6.0 Armour
 + Level 5.9 Shields


You had 6 spell levels left.
You didn't know any spells.
Your spell library contained the following spells:

 Spells                   Type           Power      Damage    Failure   Level
 Beastly Appendage        Tmut           0%         N/A       99%         1
 Slow                     Hex            0%         N/A       99%         1
 Wereblood                Tmut           0%         N/A       100%        2
 Confusing Touch          Hex            0%         N/A       100%        3
 Spider Form              Tmut/Pois      0%         N/A       100%        3
 Vampiric Draining        Necr           0%         2d6       100%        3
 Animate Dead             Necr           0%         N/A       100%        4
 Haunt                    Necr/Summ      0%         N/A       100%        7
 Infestation              Necr           0%         N/A       100%        8

Inventory:

Hand Weapons
 a - a +0 war axe {axe}
 k - a +2 spear of flaming {polearm}
   (You took it off a gnoll on level 2 of the Dungeon)
 l - a +4 whip (weapon) {mace}
   (You took it off a goblin on level 2 of the Dungeon)
 t - a +2 mace of draining {mace}
   (You found it on level 4 of the Dungeon)
Armour
 b - a +0 scale mail
 c - a +0 buckler (worn)
 j - a +0 pair of boots
   (You found it on level 2 of the Dungeon)
 n - a +0 chain mail (worn)
   (You found it on level 3 of the Dungeon)
 p - a +0 pair of boots (worn)
   (You found it on level 3 of the Dungeon)
Jewellery
 q - an amulet of magic regeneration {@e2}
   (You found it on level 3 of the Dungeon)
Wands
 m - a wand of mindburst (13)
   (You found it on level 3 of the Dungeon)
Scrolls
 e - 7 scrolls of identify {unknown}
 f - 2 scrolls of teleportation {unknown}
 g - a scroll of amnesia {unknown}
 i - a scroll of fear {unknown}
 o - 2 scrolls of immolation {unknown}
Potions
 d - 2 potions of might
 h - 3 potions of curing {unknown}
 r - a potion of mutation {unknown}
 s - a potion of magic {unknown}

Dungeon Overview and Level Annotations

Branches:
Dungeon (5/15)
 Temple: D:4-7

Altars:
Elyvilon

Shops:
D:4

!
#....#............#
#..#..##.........
#.....#.....##...
###.....#.........
##.................
#......#..........
###....###..##.....
#...............$..
#....g.......#.
#..oro.......#
#..#@o....#.
#...>....##
#......###
#.....##.. #....###
... ##..# ..$$. ##.
.#.. ## ##


You could see 3 orc warriors, a gnoll sergeant and a quokka.


Message History

You hit the orc. The orc hits you but does no damage.
You barely miss the orc. The orc barely misses you.
You closely miss the orc. You headbutt the orc.
The orc hits you but does no damage. 😕 HP[+1]
You barely miss the orc. Your headbutt misses the orc.
The orc closely misses you. The orc barely misses you.
You hit the orc but do no damage. You headbutt the orc.
You kill the orc!
Items here: ( ) [ †. 😎 HP[+1]
e - 7 scrolls labelled RECUCO LINICI (gained 1)
You see here a +0 hand axe {axe}.
A hound zombie comes into view.
You hit the hound zombie. Your headbutt misses the hound zombie.
The hound zombie bites you but does no damage.
The hound zombie barely misses you. You furiously retaliate!
You headbutt the hound zombie! You closely miss the hound zombie.
Your headbutt misses the hound zombie. You block the hound zombie's attack.
You hit the hound zombie. You block the hound zombie's attack.
You barely miss the hound zombie. The hound zombie closely misses you.
The hound zombie barely misses you. You furiously retaliate!
You headbutt the hound zombie!
You destroy the hound zombie!
You see here a +0 ring mail.
You see here a +0 dagger {short}. 2 orcs come into view.
The orc shouts! x2; You hear a shout!
A gnoll comes into view. It is wielding a +0 halberd.
The orc throws a boomerang.
The boomerang barely misses you.
An orc comes into view. It is wielding a +0 mace.
The gnoll shouts!
You hear a shout! x2
A gnoll comes into view. It is wielding a +0 flail.
The orc throws a boomerang.
The boomerang hits you but does no damage.
There is a stone staircase leading up here.
You climb upwards.
There is a stone staircase leading down here.
There is an open door here.
There is a stone staircase leading up here.
There is an escape hatch in the floor here.
You slide downwards.
The hatch slams shut behind you.
The gnoll sergeant shouts!
The orc warrior shouts! x2
The hound bites you.
A quokka comes into view.
The hound bites you but does no damage. 😕 HP[-3]
You take 3 damage, and now have 59/62 hp.
You hit the hound. You headbutt the hound! The hound completely misses you.
The hound barely misses you. You furiously retaliate!
You headbutt the hound.
You kill the hound!
Your Fighting skill increases to level 6! 😕 HP[+1]
You now have 63 max hp (+1).
The orc warrior hits you with a +0 great sword! 😕 HP[-6]
You take 6 damage, and now have 54/63 hp.
You whack the orc warrior!
The orc warrior hits you but does no damage.
The orc warrior hits you but does no damage.
The gnoll sergeant hits you from afar with a +0 trident. 😕 HP[-6]
You take 6 damage, and now have 48/63 hp.
The orc warrior hits you with a +0 great sword! 😮 HP[-12]
You take 12 damage, and now have 36/63 hp. 😮 HP[+1] 😮 HP[+1]
The quokka bites you but does no damage.
You see here a +0 plate armour.
The quokka closely misses you. 😮 HP[+1]
The quokka bites you but does no damage.
The quokka barely misses you. 😮 HP[+1]
The orc warrior hits you with a +0 great sword. 😮 HP[-2]
You take 2 damage, and now have 38/63 hp.
The quokka bites you but does no damage.
An adder comes into view.
The adder moves out of view. 😮 HP[+1]
You miss the adder. The quokka completely misses you. You furiously retaliate!
You headbutt the quokka, but do no damage.
The adder bites you but does no damage. You block the quokka's attack.
You barely miss the adder. Your headbutt misses the adder.
The adder bites you but does no damage.
The orc warrior hits you with a +0 great sword.
The orc warrior hits you with a +0 great sword!
* * * LOW HITPOINT WARNING * * *
The quokka bites you but does no damage. 😨 HP[-21]
You take 21 damage, and now have 18/63 hp.
MASSIVE DAMAGE!! (PAUSE)
You closely miss the adder. The adder barely misses you.
You furiously retaliate!
You headbutt the adder!
You kill the adder!
The orc warrior hits you with a +0 great sword!!
You die...

Skill      XL: |  1  2  3  4  5  6  7 |
---------------+----------------------+-----
Shields        | 4 5 |  5.9
Fighting       | 4 5 6 |  6.0
Armour         | 4 5 6 |  6.0
Axes           | 3 4 5 |  5.3

Action                   |  1- 3 |  4- 6 |  7- 9 || total
-------------------------+-------+-------+-------++-------
Melee: War axe           |    63 |     2 |       ||    65
       Headbutt          |     4 |    22 |     8 ||    34
       Whip              |       |   112 |    36 ||   148
       Spear             |       |    17 |       ||    17
Armor: Scale mail        |    39 |    28 |       ||    67
       Chain mail        |       |    54 |    29 ||    83
Dodge: Dodged            |    48 |    52 |    28 ||   128
Block: Buckler           |    25 |    26 |    11 ||    62

Levels and vault maps discovered:
D:1:      sevenhm_arrival_forest_fort_small_4, layout_rooms,
          chequers_ecumenical_altar_island, kennysheep_decorative_pillar,
          amcnicky_mini_pool_small, minmay_misc_feat_tower
D:2:      layout_rooms, serial_forest, infiniplex_forest_corner_1,
          infiniplex_forest_zigzag_1, infiniplex_forest_clump_double,
          infiniplex_forest_straight_1, infiniplex_forest_clump_medium,
          infiniplex_forest_lined_corner, infiniplex_forest_lined_2,
          infiniplex_forest_lined_2
D:3:      layout_rooms, nicolae_elyvilon_peaceful_grove, fountainhead,
          serial_bayou_crossing
D:4:      layout_basic, serial_shops, nicolae_lakefront_shop
D:5:      layout_cave_pools, minmay_temple_entry_sparse_star, sword_in_stone

Notes
Turn   | Place    | Note
-------+----------+-------------------------------------------
     0 | D:1      | Faeu the Minotaur Fighter began the quest for the Orb.
     0 | D:1      | Reached XP level 1. HP: 19/19 MP: 0/0
     0 | D:1      | magus.rc [v1.9.6]
   126 | D:1      | Reached XP level 2. HP: 25/27 MP: 1/1
   188 | D:1      | Found a faded altar of an unknown god.
   218 | D:1      | You fall into a shaft and drop 1 floor!
   229 | D:2      | Reached skill level 4 in Shields
   245 | D:1      | Reached skill level 4 in Fighting
   245 | D:1      | Reached skill level 4 in Armour
   269 | D:1      | Reached skill level 3 in Axes
   390 | D:1      | Reached XP level 3. HP: 33/33 MP: 2/2
   818 | D:2      | Reached XP level 4. HP: 39/41 MP: 3/3
   913 | D:2      | You pick up a book of Death and begin reading...
   913 | D:2      | You add the spells Animate Dead, Haunt and Infestation to
                  | your library.
  1249 | D:3      | You pick up a book of Changes and begin reading...
  1249 | D:3      | You add the spells Beastly Appendage, Wereblood and Spider
                  | Form to your library.
  1443 | D:3      | Found a white marble altar of Elyvilon.
  1468 | D:3      | Reached XP level 5. HP: 45/47 MP: 4/4
  1487 | D:3      | You pick up a book of Debilitation and begin reading...
  1487 | D:3      | You add the spells Slow, Vampiric Draining and Confusing
                  | Touch to your library.
  1571 | D:3      | Reached skill level 4 in Axes
  1757 | D:3      | Reached skill level 5 in Fighting
  1757 | D:3      | Reached skill level 5 in Armour
  1757 | D:3      | Reached skill level 5 in Shields
  1996 | D:4      | Reached XP level 6. HP: 45/56 MP: 5/5
  2359 | D:4      | Reached skill level 5 in Axes
  2359 | D:4      | Reached XP level 7. HP: 54/62 MP: 6/6
  2644 | D:4      | Found Foelal's Distillery.
  2731 | D:5      | Entered Level 5 of the Dungeon
  2739 | D:5      | Reached skill level 6 in Armour
  2823 | D:5      | Reached skill level 6 in Fighting
  2856 | D:5      | Mangled by an orc warrior

Vanquished Creatures
  A black bear (D:4)
  2 scorpions (D:4)
  2 water moccasin skeletons
  2 hounds (D:5)
  A gnoll shaman (D:4)
  A hound zombie (D:5)
  12 gnolls
  6 adders
  2 ufetubi (D:4)
  2 worms
  4 dart slugs
  3 orcs
  4 endoplasms
  4 giant cockroaches
  4 hobgoblins
  4 jackals (D:2)
  4 quokkas
  5 ball pythons
  7 bats
  3 frilled lizards (D:1)
  6 goblins
  5 kobolds
  4 rats
88 creatures vanquished.

Vanquished Creatures (others)
  6 plants (D:2)
6 creatures vanquished.

Grand Total: 94 creatures vanquished

Table legend:
 A = Non-vault XP
 B = Vault XP
 C = Vault XP percentage of total XP
 D = Non-vault monster count
 E = Vault monster count
 F = Vault count percentage of total count
                 A         B        C        D         E       F
            +---------+---------+-------+---------+---------+-------
      Total |     966 |       0 |   0.0 |      88 |       0 |   0.0
            +---------+---------+-------+---------+---------+-------
        D:1 |      26 |       0 |   0.0 |      17 |       0 |   0.0
        D:2 |     131 |       0 |   0.0 |      29 |       0 |   0.0
        D:3 |     193 |       0 |   0.0 |      19 |       0 |   0.0
        D:4 |     500 |       0 |   0.0 |      18 |       0 |   0.0
        D:5 |     116 |       0 |   0.0 |       5 |       0 |   0.0
            +---------+---------+-------+---------+---------+-------

Illustrated notes

Table legend:
 A = Kills in this place as a percentage of kills in entire the game.
 B = Kills by you in this place as a percentage of kills by you in the entire game.
 C = Kills by friends in this place as a percentage of kills by friends in the entire game.
 D = Other kills in this place as a percentage of other kills in the entire game.
 E = Experience gained in this place as a percentage of experience gained in the entire game.
 F = Experience gained in this place divided by the number of levels of this place that you have seen.
                   A       B       C       D       E      F
               +-------+-------+-------+-------+-------+----------------------
         Total | 100.0 | 100.0 |   N/A |   N/A | 100.0 | 193.2
       Dungeon | 100.0 | 100.0 |   N/A |   N/A | 100.0 | 193.2
               +-------+-------+-------+-------+-------+----------------------

Table legend: (Time is in decaauts)
 A = Elapsed time spent in this place.
 B = Non-inter-level travel time spent in this place.
 C = Inter-level travel time spent in this place.
 D = Time resting spent in this place.
 E = Time spent auto-exploring this place.
 F = Levels seen in this place.
 G = Mean time per level.
                   A        B        C        D        E       F      G
               +--------+--------+--------+--------+--------+-----+--------+
         Total |   2899 |   2779 |    120 |      0 |   1351 |   5 |  579.8 |
       Dungeon |   2899 |   2779 |    120 |      0 |   1351 |   5 |  579.8 |
               +--------+--------+--------+--------+--------+-----+--------+

Top non-repeatable levels by time:
     D:4: 862 daAuts
     D:2: 817 daAuts
     D:3: 590 daAuts
     D:1: 535 daAuts
     D:5: 93 daAuts
